 Dungeon Crawl Stone Soup version 0.28-a0-268-g3f656e82c2 (webtiles) character file.

Game seed: 7098247758366647124

12583 porpoise the Cleaver (level 11, -1/156 HPs)
             Began as a Minotaur Berserker on Aug 28, 2021.
             Was a High Priest of Trog.
             Slain by a freezing wraith (6 damage)
             ... led by a death knight
             ... on level 11 of the Dungeon.
             The game lasted 00:44:34 (12577 turns).

porpoise the Cleaver (Minotaur Berserker)          Turns: 12577, Time: 00:44:35

Health: -1/156     AC: 16    Str: 28    XL:     11   Next: 64%
Magic:  10/10      EV: 10    Int:  4    God:    Trog [*****.]
Gold:   1164       SH:  5    Dex: 13    Spells: 10/10 levels left

rFire   . . .      SeeInvis .   C - +0 broad axe
rCold   + . .      Faith    .   s - +0 buckler
rNeg    . . .      Spirit   .   Q - +0 plate armour
rPois   .          Reflect  .   r - +0 hat
rElec   .          Harm     .   O - +0 cloak
rCorr   .          Rampage  .   (no gloves)
Will    +....                   x - +0 pair of boots {Stlth+}
Stlth   ..........              z - amulet of the Equinox {RegenMP Will+ Slay+3}
HPRegen 0.36/turn               h - ring of protection from cold
MPRegen 0.37/turn               M - +6 ring of strength

@: berserking (expiring), lethally poisoned (-1 -> -3), very quick
A: horns 2, retaliatory headbutt
a: Renounce Religion, Berserk, Trog's Hand, Brothers in Arms


You were on level 11 of the Dungeon.
You worshipped Trog.
Trog was extremely pleased with you.
You visited 1 branch of the dungeon, and saw 11 of its levels.
You also visited: Bailey.

You collected 1314 gold pieces.
You spent 150 gold pieces at shops.

Inventory:

Hand Weapons
 a - a +4 hand axe
 b - a +1 hunting sling
 i - a +2 falchion of holy wrath
 C - a +0 broad axe (weapon)
Missiles
 c - 42 bolts
 d - 162 arrows
 f - 484 stones
 p - 53 poisoned darts (quivered)
 t - 51 boomerangs
 y - 127 sling bullets
 F - a curare-tipped dart
Armour
 r - a +0 hat (worn)
 s - a +0 buckler (worn)
 x - a +0 pair of boots of stealth (worn)
 J - a scarf of harm
 O - a +0 cloak (worn)
 Q - a +0 plate armour (worn)
Jewellery
 h - a ring of protection from cold (left hand)
 v - a ring of resist corrosion
 w - an amulet of the acrobat
 z - the amulet of the Equinox (around neck) {RegenMP Will+ Slay+3}
   (You found it on level 11 of the Dungeon)

   [amulet of magic regeneration]

   It increases your rate of magic regeneration.
   Slay:      It affects your accuracy & damage with ranged weapons and melee
   (+3).
   Will:      It increases your willpower.
 I - an amulet of magic regeneration
 M - a +6 ring of strength (right hand)
Wands
 A - a wand of acid (2)
 E - a wand of charming (11)
 H - a wand of polymorph (7)
 K - a wand of flame (13)
 N - a wand of iceblast (20)
Scrolls
 e - 2 scrolls of enchant weapon
 n - 2 scrolls of fog
 o - 4 scrolls of teleportation
 D - a scroll of blinking
 G - 2 scrolls of identify
 L - a scroll of immolation
Potions
 g - 6 potions of curing
 j - 2 potions of invisibility
 k - 7 potions of heal wounds
 l - 3 potions of cancellation
 m - 3 potions of flight
 q - a potion of haste
 u - a potion of resistance
 B - 3 potions of might
 P - a potion of ambrosia


   Skills:
 - Level 12.0 Fighting
 * Level 12.9 Axes
 - Level 9.0 Armour
 + Level 7.6 Dodging
 - Level 4.0 Shields
 + Level 5.4 Evocations


You had 10 spell levels left.
You didn't know any spells.
Your spell library was empty.

Dungeon Overview and Level Annotations

Branches:
Dungeon (11/15)            Temple (0/1) D:7            Lair (0/6) D:8
 Bailey (visited)
    Orc: D:9-12

Altars:
Hepliaklqana
Kikubaaqudgha
Makhleb
Okawaru
Ru
Uskayaw
Vehumet
The Shining One

Shops:
D:4 [   D:5 (

Annotations:
D:9 2 transporters, gorlok231's ghost, novice DDIE


Innate Abilities, Weirdness & Mutations

You have a pair of horns on your head.
You reflexively headbutt those who attack you in melee.


Message History

You slice the death knight!! You headbutt the death knight.
The death knight is moderately wounded.
You feel sick.
The death knight hits you with a +1 glaive of pain.
You writhe in agony!
You closely miss the death knight. Your headbutt misses the death knight.
The death knight is moderately wounded.
You feel sick.
You closely miss the death knight.
The death knight is moderately wounded.
You feel sick.
The death knight hits you with a +1 glaive of pain!!
You writhe in agony!
You slash the death knight!
The death knight is moderately wounded.
You feel sick.
You hit the death knight. You headbutt the death knight!!
The death knight is severely wounded.
You feel sick.
The death knight hits you with a +1 glaive of pain!!
* * * LOW HITPOINT WARNING * * *
You writhe in agony!
* * * LOW HITPOINT WARNING * * *
You slice the death knight!! You headbutt the death knight!
The death knight is almost dead.
You feel sick.
The death knight hits you with a +1 glaive of pain!
* * * LOW HITPOINT WARNING * * *
You writhe in agony!
* * * LOW HITPOINT WARNING * * *
You are too berserk!
You slash the death knight!
You kill the death knight!
Trog accepts your kill.
You feel sick.
You closely miss the freezing wraith. You headbutt the freezing wraith!
The freezing wraith is lightly damaged.
The freezing wraith misses you. You furiously retaliate!
You headbutt the freezing wraith. The freezing wraith hits you.
You die...

#. ##+##### ## #......#
## #......# ## ...
#......# #. W...
#......######. W....
#.)....'....'.
......######.....[######.
......WW@.##......# #.
.>....###..#......# #.
##### ##.'......# ##
###......# #......#
########


You could see 2 freezing wraiths.

Vanquished Creatures
  A death knight (D:11)
  3 two-headed ogres
  A skeletal warrior (D:11)
  A phantasmal warrior (D:11)
  An orc knight (Bailey)
  2 gargoyles (D:11)
  A kobold demonologist (D:11)
  A komodo dragon (D:7)
  4 trolls
  A shadow (D:10)
  15 yaks
  A wyvern (D:10)
  The ghost of siradein the Shield-Bearer, an amateur DDFi (D:3)
  A wraith (D:10)
  2 ice beasts
  A sky beast (D:5)
  A black bear (D:5)
  6 orc warriors
  An ogre (D:6)
  A hornet zombie (D:5)
  3 centaurs
  3 wolves (D:8)
  2 phantoms
  A kobold brigand (D:8)
  4 bullfrogs
  A wyvern zombie (D:8)
  A gnoll sergeant (D:5)
  2 scorpions
  4 killer bees (D:9)
  10 wights
  3 electric eels (D:8)
  2 howler monkeys (D:7)
  A crimson imp (D:8)
  A jelly (D:5)
  2 orc priests
  A centaur skeleton (D:6)
  7 hounds
  Ijyb (D:5)
  3 iguanas
  5 orc wizards
  A killer bee zombie (D:7)
  A howler monkey skeleton (D:7)
  6 gnolls
  9 adders
  2 white imps
  2 ufetubi
  An adder skeleton (D:4)
  2 dart slugs
  25 orcs
  6 ball pythons
  8 endoplasms
  4 giant cockroaches
  10 hobgoblins
  4 jackals (D:2)
  21 kobolds
  4 quokkas
  6 bats
  8 frilled lizards
  11 goblins
  10 rats
  A butterfly (D:7)
245 creatures vanquished.

Notes
Turn   | Place    | Note
-------+----------+-------------------------------------------
     0 | D:1      | porpoise the Minotaur Berserker began the quest for the
                  | Orb.
     0 | D:1      | Reached XP level 1. HP: 19/19 MP: 0/0
   288 | D:1      | Reached XP level 2. HP: 23/27 MP: 1/1
   899 | D:2      | Reached ** piety under Trog
   976 | D:2      | Reached XP level 3. HP: 34/34 MP: 2/2
   999 | D:2      | Found a faded altar of an unknown god.
  1613 | D:3      | Reached XP level 4. HP: 12/41 MP: 3/3
  1863 | D:3      | Found a runed translucent door.
  1866 | D:3      | Noticed siradein's ghost (amateur DDFi)
  1894 | D:3      | Reached *** piety under Trog
  1895 | D:3      | Reached skill level 5 in Fighting
  1925 | D:3      | Reached skill level 5 in Axes
  2383 | D:3      | Found an iron altar of Okawaru.
  2517 | D:3      | Killed siradein's ghost
  2518 | D:3      | Reached XP level 5. HP: 45/50 MP: 4/4
  2759 | D:4      | Noticed a phantom
  2777 | D:4      | Killed a phantom
  2778 | D:4      | Reached XP level 6. HP: 44/57 MP: 5/5
  3203 | D:4      | Found Difu's Antique Armour Emporium.
  3239 | D:4      | Bought a pair of runed boots for 150 gold pieces
  3269 | D:4      | Found a hazy altar of Hepliaklqana.
  3469 | D:5      | Entered Level 5 of the Dungeon
  3658 | D:5      | Found Ikeujud's Weapon Shop.
  3702 | D:5      | Found a glowing golden altar of the Shining One.
  3745 | D:5      | Found a radiant altar of Vehumet.
  3745 | D:5      | Found a hide-covered altar of Uskayaw.
  3851 | D:5      | Reached XP level 7. HP: 58/64 MP: 6/6
  4077 | D:5      | Reached **** piety under Trog
  4239 | D:5      | Found a sacrificial altar of Ru.
  4514 | D:5      | Reached skill level 5 in Armour
  4646 | D:5      | Noticed Ijyb
  4654 | D:5      | Killed Ijyb
  4785 | D:5      | Reached XP level 8. HP: 68/75 MP: 7/7
  6279 | D:7      | Noticed a komodo dragon
  6300 | D:7      | Killed a komodo dragon
  6301 | D:7      | Reached skill level 5 in Dodging
  6914 | D:8      | Found a staircase to the Lair.
  6914 | D:8      | Noticed a troll
  6922 | D:8      | Noticed a two-headed ogre
  6924 | D:8      | Killed a troll
  6925 | D:8      | Reached skill level 1 in Evocations
  6925 | D:8      | Reached XP level 9. HP: 45/83 MP: 8/8
  7778 | D:8      | Killed a two-headed ogre
  7779 | D:8      | Reached skill level 10 in Fighting
  8966 | D:7      | Found a staircase to the Ecumenical Temple.
  8971 | D:7      | You fall into a shaft and drop 1 floor!
  9294 | D:7      | Reached XP level 10. HP: 93/94 MP: 9/9
  9807 | D:9      | Found a flagged portal.
  9818 | Bailey   | Entered a bailey
 10063 | Bailey   | Noticed an orc knight
 10080 | Bailey   | Killed an orc knight
 10081 | Bailey   | Reached skill level 5 in Evocations
 10109 | Bailey   | Found a burning altar of Makhleb.
 10190 | D:9      | Found a transporter.
 10193 | D:9      | Noticed gorlok231's ghost (novice DDIE)
 10515 | D:9      | Reached skill level 10 in Axes
 10619 | D:9      | Found a burning altar of Makhleb.
 10739 | D:9      | Found an ancient bone altar of Kikubaaqudgha.
 10762 | D:9      | Reached ***** piety under Trog
 10765 | D:9      | Found a transporter.
 10906 | D:10     | Entered Level 10 of the Dungeon
 11348 | D:10     | Reached XP level 11. HP: 92/104 MP: 10/10
 11814 | D:11     | Noticed a two-headed ogre
 11824 | D:11     | Killed a two-headed ogre
 12379 | D:11     | Noticed a two-headed ogre
 12390 | D:11     | Killed a two-headed ogre
 12484 | D:11     | Identified the amulet of the Equinox {RegenMP Will+ Slay+3}
 12553 | D:11     | Noticed a death knight
 12553 | D:11     | Noticed a phantasmal warrior
 12553 | D:11     | Noticed a skeletal warrior
 12564 | D:11     | Killed a phantasmal warrior
 12568 | D:11     | Killed a skeletal warrior
 12575 | D:11     | HP: 6/156 [death knight (8)]
 12576 | D:11     | Killed a death knight
 12577 | D:11     | Slain by a freezing wraith

Illustrated notes

Levels and vault maps discovered:
D:1:      dpeg_arrival_shrine, layout_basic, nrook_mini_vaults,
          hangedman_decor_opposing, lemuel_old_faithful
D:2:      layout_loops_ring, dreamdust_ecumenical_altar_statues,
          minmay_pentomino_x4
D:3:      layout_rooms, mainiacjoe_overflow_24_doors, ebering_ghost_sewer_d
D:4:      layout_basic, mainiacjoe_overflow_catwalk, serial_shops,
          kennysheep_mini, kennysheep_generic_room_4
D:5:      layout_cave_pools, mainiacjoe_overflow_paths,
          gammafunk_temple_overflow_pools, serial_shops, shop, serial_park,
          serial_park_square2, serial_park_tiny_2, serial_park_gazebo
          [serial_park_minivault_5x5_4], kennysheep_donut, uniq_ijyb
D:6:      layout_loops_corners
D:7:      layout_basic, minmay_temple_entry_butterflies
D:8:      layout_basic, erik_lair_island, chequers_jeans, minmay_fire_ice_demons
D:9:      layout_long_grid, mainiacjoe_overflow_tiny_flanked,
          lightli_temple_of_fire, enter_bailey_5, gammafunk_ghost_stat_death
D:10:     layout_basic, kennysheep_generic_room_5
D:11:     layout_roguey, lightli_orcish_oven

Skill      XL: |  1  2  3  4  5  6  7  8  9 10 11 |
---------------+----------------------------------+-----
Fighting       | 4 5 6 8 9 10 12 | 12.0
Axes           | 4 5 6 8 11 12 | 12.9
Shields        | 2 3 4 |  4.0
Armour         | 5 7 8 9 |  9.0
Dodging        | 5 6 7 |  7.6
Evocations     | 1 4 5 |  5.4

Action                   |  1- 3 |  4- 6 |  7- 9 | 10-12 || total
-------------------------+-------+-------+-------+-------++-------
Melee: Hand axe          |    59 |    62 |   208 |   168 ||   497
       Headbutt          |     6 |    10 |    43 |    58 ||   117
       Broad axe         |       |       |       |    16 ||    16
 Fire: Hunting sling     |    68 |    74 |   157 |   104 ||   403
Throw: Dart              |       |     1 |     1 |     1 ||     3
Invok: Berserk           |       |     1 |     7 |     7 ||    15
       Trog's Hand       |       |       |     2 |       ||     2
       Brothers in Arms  |       |       |       |     1 ||     1
  Use: Scroll            |       |     9 |     4 |     6 ||    19
       Potion            |       |       |     2 |     1 ||     3
 Stab: Sleeping          |     1 |       |       |       ||     1
Armor: Ring mail         |    23 |    13 |    51 |       ||    87
       Animal skin       |     3 |       |       |       ||     3
       Troll leather arm |       |       |     5 |    22 ||    27
       Plate armour      |       |       |       |     4 ||     4
Dodge: Dodged            |    41 |    33 |   100 |    91 ||   265
Block: Buckler           |       |    11 |    42 |    33 ||    86

Table legend: (Time is in decaauts)
 A = Elapsed time spent in this place.
 B = Non-inter-level travel time spent in this place.
 C = Inter-level travel time spent in this place.
 D = Time resting spent in this place.
 E = Time spent auto-exploring this place.
 F = Levels seen in this place.
 G = Mean time per level.
                   A        B        C        D        E       F      G
               +--------+--------+--------+--------+--------+-----+--------+
         Total |  12650 |  11972 |    678 |   3431 |   6264 |  12 | 1054.2 |
       Dungeon |  12293 |  11615 |    678 |   3354 |   6262 |  11 | 1117.5 |
        Bailey |    356 |    356 |      0 |     76 |      2 |   1 |  356.0 |
               +--------+--------+--------+--------+--------+-----+--------+

Top non-repeatable levels by time:
     D:8: 1781 daAuts
     D:7: 1745 daAuts
     D:5: 1663 daAuts
     D:6: 1163 daAuts
     D:3: 1097 daAuts
     D:9: 939 daAuts
    D:10: 904 daAuts
     D:1: 897 daAuts
     D:4: 794 daAuts
     D:2: 688 daAuts
    D:11: 617 daAuts
  Bailey: 356 daAuts
